 Dungeon Crawl Stone Soup version 0.30.0 (webtiles) character file.

Game seed: 13577859589382886704

2154 BubbleThief the Cleaver (level 9, -1/69 (83) HPs)
             Began as a Hill Orc Fighter on May 6, 2023.
             Was a Priest of Okawaru.
             Slain by a wight
             ... wielding a +0 great sword
              (4 damage)
             ... on level 7 of the Dungeon.
             The game lasted 00:08:26 (6223 turns).

BubbleThief the Cleaver (Hill Orc Fighter)          Turns: 6223, Time: 00:08:26

HP:   -1/69 (83)    AC:  9    Str: 23    XL:     9   Next: 31%
MP:   10/10         EV:  9    Int:  8    God:    Okawaru [***...]
Gold: 23            SH:  9    Dex: 10    Spells: 8/8 levels left

rFire   . . .        D - +4 hand axe (flame)
rCold   . . .        c - +0 buckler
rNeg    . . .        j - +1 scale mail {rPois}
rPois   +            (no helmet)
rElec   .            g - +0 cloak
rCorr   .            (no gloves)
SInv    .            (no boots)
Will    .....        w - amulet of reflection Stlth
                     b - ring of flight
HPRegen 0.31/turn    (no ring)
MPRegen 0.12/turn

%: reflection
@: flying, heavily drained
A: no striking features
a: Renounce Religion, Heroism


You were on level 7 of the Dungeon.
You worshipped Okawaru.
Okawaru was most pleased with you.
You visited 2 branches of the dungeon, and saw 8 of its levels.

You collected 297 gold pieces.
You spent 274 gold pieces at shops.

Inventory:

Hand Weapons
 D - a +4 hand axe of flaming (weapon)
Missiles
 v - a throwing net (quivered)
Armour
 c - a +0 buckler (worn)
 g - a +0 cloak (worn)
 j - a +1 scale mail of poison resistance (worn)
Jewellery
 b - a ring of flight (left hand)
 w - an amulet of reflection (around neck)
Wands
 B - a wand of mindburst (18)
Scrolls
 f - 9 scrolls of identify {unknown}
 h - 3 scrolls of enchant armour {unknown}
 i - a scroll of magic mapping {unknown}
 l - 4 scrolls of enchant weapon {unknown}
 n - 2 scrolls of amnesia {unknown}
 p - 2 scrolls of fog {unknown}
 q - 2 scrolls of poison {unknown}
 r - 2 scrolls of blinking {unknown}
 t - a scroll of immolation {unknown}
 x - 2 scrolls of teleportation {unknown}
 y - a scroll of torment {unknown}
Potions
 d - a potion of might
 e - 2 potions of lignification
 k - 6 potions of heal wounds
 m - 2 potions of mutation {unknown}
 o - 3 potions of attraction {unknown}
 s - 2 potions of curing {unknown}
 u - 3 potions of flight {unknown}
 z - a potion of ambrosia {unknown}
 A - 2 potions of magic {unknown}
 C - a potion of resistance {unknown}


   Skills:
 + Level 9.0 Fighting
 * Level 12.8 Axes
 - Level 3.2 Armour
 - Level 3.2 Shields
 - Level 2.1 Invocations


You had 8 spell levels left.
You didn't know any spells.
Your spell library contained the following spells:

 Spells                   Type           Power      Damage    Failure   Level
 Necrotise                Necr           0%         1d4       78%         1
 Blink                    Tloc           0%         N/A       89%         2
 Cigotuvi's Dreadful Rot  Necr/Pois/Air  0%         N/A       89%         2
 Lesser Beckoning         Tloc           0%         N/A       89%         2
 Momentum Strike          Conj/Tloc      0%         3d8       89%         2
 Ignite Poison            Fire/Tmut/Pois 0%         N/A       98%         3
 Vampiric Draining        Necr           0%         2d6       98%         3
 Agony                    Necr           0%         N/A       100%        5
 Freezing Cloud           Conj/Ice/Air   0%         6-21      100%        5


Dungeon Overview and Level Annotations

Branches:
Dungeon (7/15)             Temple (1/1) D:4

Altars:
Ashenzari
Cheibriados
Dithmenos
Elyvilon
Fedhas
Gozag
Hepliaklqana
Kikubaaqudgha
Makhleb
Okawaru
Qazlal
Ru
Sif Muna
Trog
Uskayaw
Vehumet
Wu Jian
Xom
Yredelemnul
Zin
The Shining One

Shops:
D:7 =(


Message History

You hit the wight but do no damage. You block the wight's attack.
The wight hits you with a +2 mace of protection!
You are too injured to fight recklessly!
You are too injured to fight recklessly!
You closely miss the wight.
The wight is severely damaged.
You hit the wight. You burn the wight.
Unknown command.
You hit the wight but do no damage.
The wight is severely damaged.
You hit the wight but do no damage.
The wight hits you with a +0 great sword!
* * * LOW HITPOINT WARNING * * *
You feel drained.
* * * LOW HITPOINT WARNING * * *
The wight hits you with a +2 mace of protection!
* * * LOW HITPOINT WARNING * * *
You feel drained.
You hit the wight. You burn the wight.
The wight is almost destroyed.
You hit the wight. You burn the wight. The wight barely misses you. x2
Unknown command.
You closely miss the wight.
The wight is almost destroyed.
You hit the wight. You burn the wight.
Unknown command.
You hit the wight but do no damage.
The wight is almost destroyed.
You hit the wight. You burn the wight.
The wight hits you with a +2 mace of protection.
* * * LOW HITPOINT WARNING * * *
You block the wight's attack.
Unknown command.
You hit the wight but do no damage.
The wight is almost destroyed.
You completely miss the wight. You block the wight's attack.
The wight hits you with a +0 great sword!
* * * LOW HITPOINT WARNING * * *
You feel drained.
You die...

. . .. ###.##.#... #
#.##.......... .
##............(
...............
...............
#...............# ....
#......zz...#...# ....#.
#....@...###..##......
##.#.....##........... #
##.....##.......... ##.
#..#..##...#...... .#...
#................#
......####.......∩.......#
#...##.[.........##...
##..)................#
#..#.#..........##...#


You could see 2 wights.

Vanquished Creatures
  Pikel (D:5)
  A steam dragon (D:4)
  Edmund (D:4)
  An ice beast (D:5)
  A centaur (D:7)
  2 scorpions
  A wight (D:7)
  2 killer bees
  A howler monkey (D:4)
  4 hounds
  A gnoll bouda (D:5)
  4 orc priests
  5 jellies
  2 iguanas
  Jessica (D:2)
  4 orc wizards (D:6)
  6 adders
  22 gnolls
  A white imp (D:6)
  2 adder zombies (D:3)
  3 worms
  A dart slug (D:2)
  16 orcs
  3 ball pythons
  10 endoplasms
  5 giant cockroaches
  5 hobgoblins
  7 jackals
  3 kobolds
  3 quokkas
  7 bats
  6 goblins
  A jackal zombie (D:3)
  8 rats
141 creatures vanquished.

Vanquished Creatures (others)
  An orc (D:4)
1 creature vanquished.

Grand Total: 142 creatures vanquished

Notes
Turn   | Place    | Note
-------+----------+-------------------------------------------
     0 | D:1      | BubbleThief the Hill Orc Fighter began the quest for the
                  | Orb.
     0 | D:1      | Reached XP level 1. HP: 19/19 MP: 1/1
   128 | D:1      | Reached skill level 3 in Axes
   305 | D:1      | Reached XP level 2. HP: 27/27 MP: 2/2
   716 | D:1      | Reached skill level 4 in Axes
   919 | D:1      | Reached XP level 3. HP: 33/33 MP: 3/3
  1136 | D:2      | Noticed Jessica
  1147 | D:1      | Reached XP level 4. HP: 33/41 MP: 4/4
  1154 | D:1      | Reached skill level 5 in Axes
  1267 | D:2      | HP: 2/41 [Jessica/nerve-wracking pain (12)]
  1435 | D:2      | Killed Jessica
  1436 | D:2      | Reached XP level 5. HP: 41/47 MP: 5/5
  1776 | D:3      | Reached skill level 5 in Fighting
  1776 | D:3      | Reached skill level 6 in Axes
  2005 | D:3      | Found a basalt altar of Yredelemnul.
  2076 | D:3      | Reached XP level 6. HP: 48/56 MP: 6/6
  2500 | D:4      | Found a staircase to the Ecumenical Temple.
  2515 | Temple   | Entered the Ecumenical Temple
  2732 | Temple   | Became a worshipper of Warmaster Okawaru
  2944 | D:4      | Noticed a steam dragon
  2960 | D:4      | HP: 1/56 [steam dragon/ball of steam (21)]
  2968 | D:4      | Reached skill level 7 in Axes
  2968 | D:4      | HP: 3/84 [steam dragon (8)]
  2970 | D:4      | Killed a steam dragon
  2970 | D:4      | Reached * piety under Okawaru
  3325 | D:4      | Reached skill level 8 in Axes
  3325 | D:4      | Reached XP level 7. HP: 57/63 MP: 7/7
  3332 | D:4      | Noticed Edmund
  3374 | D:4      | Killed Edmund
  3968 | D:5      | Entered Level 5 of the Dungeon
  4066 | D:5      | Reached skill level 9 in Axes
  4273 | D:5      | Reached XP level 8. HP: 69/73 MP: 8/8
  4275 | D:5      | Reached ** piety under Okawaru
  4405 | D:5      | Reached skill level 10 in Axes
  4493 | D:5      | Noticed Pikel
  4524 | D:5      | Killed Pikel
  4524 | D:5      | Reached *** piety under Okawaru
  4525 | D:5      | Reached skill level 11 in Axes
  5005 | D:6      | Reached skill level 1 in Invocations
  5221 | D:6      | Reached XP level 9. HP: 78/82 MP: 10/10
  5245 | D:6      | Reached skill level 12 in Axes
  6101 | D:7      | Noticed a +0 executioner's axe
  6101 | D:7      | Found Irukewy's Weapon Emporium.
  6114 | D:7      | Bought a +4 hand axe of flaming for 274 gold pieces
  6152 | D:7      | Found Woosmun's Jewellery Shoppe.
  6223 | D:7      | HP: 3/71 [wight/+0 great sword (9)]
  6223 | D:7      | Slain by a wight

Illustrated notes

Levels and vault maps discovered:
D:1:      onia_arrival_mini_maze_b, layout_basic, chequers_avenue
D:2:      layout_rooms, uniq_jessica
D:3:      layout_basic, nicolae_yredelemnul_corpse_copse, grunt_ministairs_8
D:4:      layout_gridville, minmay_temple_entry_offerings,
          hangedman_decor_growths, uniq_edmund
D:5:      layout_loops_ring, uniq_pikel
D:6:      layout_loops_ring
D:7:      layout_cave_pools, serial_shops, shop, nicolae_shop_mannequins
Temple:   mainiacjoe_temple_circle_huts

Skill      XL: |  1  2  3  4  5  6  7  8  9 |
---------------+----------------------------+-----
Axes           | 3 4 5 6 8 9 11 12 | 12.8
Fighting       | 4 5 6 7 8 9 |  9.0
Invocations    | 1 2 |  2.1
Armour         | |  3.2
Shields        | |  3.2

Action                     |  1- 3 |  4- 6 |  7- 9 || total
---------------------------+-------+-------+-------++-------
  Melee: War axe           |    95 |   158 |   247 ||   500
         Hand axe          |       |       |    25 ||    25
  Throw: Throwing net      |       |     1 |     1 ||     2
    Use: Potion            |       |     2 |       ||     2
 Armour: Scale mail        |    37 |    62 |    78 ||   177
         Skin              |       |    17 |       ||    17
  Dodge: Dodged            |    48 |    66 |    56 ||   170
  Block: Buckler           |    20 |    44 |    73 ||   137
